 Dungeon Crawl Stone Soup version 0.31-a0-801-gc67433417a (webtiles) character file.

Game seed: 2154628182286999508

4 GordonOverkill the Sneak (level 1, -1/13 HPs)
             Began as a Deep Elf Delver on Sept 20, 2023.
             Slain by an orc
             ... wielding a +0 flail
              (4 damage)
             ... on level 5 of the Dungeon.
             The game lasted 00:02:02 (545 turns).

GordonOverkill the Sneak (Deep Elf Delver)           Turns: 545, Time: 00:02:03

Health: -1/13      AC:  3    Str:  9    XL:     1   Next: 58%
Magic:  4/4        EV: 12    Int: 14    God:
Gold:   0          SH:  0    Dex: 16    Spells: 2/2 levels left

rFire   . . .        a - +0 short sword
rCold   . . .        (no shield)
rNeg    . . .        b - +0 leather armour
rPois   .            (no helmet)
rElec   .            (no cloak)
rCorr   .            (no gloves)
SInv    .            (no boots)
Will    .....        (no amulet)
Stlth   +++          (no ring)
HPRegen 0.22/turn    (no ring)
MPRegen 0.09/turn

%: no passive effects
@: no status effects
A: no striking features
a: no special abilities


You were on level 5 of the Dungeon.
You visited 1 branch of the dungeon, and saw 3 of its levels.

Inventory:

Hand Weapons
 a - a +0 short sword (weapon)
Missiles
 h - a poisoned dart (quivered)
Armour
 b - a +0 leather armour (worn)
Wands
 g - a wand of digging (2)
Scrolls
 c - a scroll of fog
Potions
 d - a potion of berserk rage {unknown}
 f - a potion of haste


   Skills:
 - Level 2.4 Fighting
 - Level 2.0 Short Blades
 - Level 2.4 Dodging
 - Level 6.0 Stealth
 + Level 1.1 Spellcasting
 + Level 0.8 Earth Magic


You had 2 spell levels left.
You didn't know any spells.
Your spell library contained the following spells:

 Spells                   Type           Power      Damage    Failure   Level
 Cigotuvi's Dreadful Rot  Necr/Pois/Air  0%         N/A       50%         2
 Poisonous Vapours        Pois/Air       0%         N/A       50%         2
 Animate Armour           Summ/Erth      2%         N/A       97%         4
 Lee's Rapid Deconstruct  Erth           1%         3d4*      100%        5
 Plasma Beam              Fire/Air       0%         2x1d10    100%        6


Dungeon Overview and Level Annotations

Branches:
Dungeon (6/15)
 Temple: D:4-7

Altars:
Ashenzari


Message History

You bump into the rock wall.
Things that are here:
a +0 mace; an orc corpse You feel less confused.
The orc wizard mumbles some strange words.
The orc wizard flickers and vanishes!
Deactivating autopickup; reactivate with Ctrl-A.
You hear a shout!
Throw: dart (poison)
Press: ? - help, Q - select action Shift-Dir - straight line, f - you Really target yourself?
Okay, then.
Unknown command.
You are confused.
You bump into the rock wall.
A magic dart appears from out of thin air!
The magic dart hits you!
Ouch! That really hurt!
* * * LOW HITPOINT WARNING * * *
You're too confused to move!
You're too confused to move!
Something hits you but does no damage.
You feel less confused. Something hits you.
* * * LOW HITPOINT WARNING * * *
Okay, then.
Something hits you.
* * * LOW HITPOINT WARNING * * *
Something hits you.
* * * LOW HITPOINT WARNING * * *
Okay, then.
As you read the scroll of fear, it crumbles to dust.
You assume a fearsome visage.
Things that are here:
a +0 mace; an orc corpse 2 orcs come into view.
An orc is wielding a +0 falchion and wearing a +0 leather armour of cold resistance.
An orc comes into view. It is wielding a +0 club.
An orc comes into view. It is wielding a +0 hand axe.
The orc hits you with a +0 flail.
You die...

###.^....^^^#..,,* ****,***
###....^....#..,,** ***,,,,,,*
##..^..........*..**##**,,,,,,,,,
##...^>^^...#..#.,,.(,,,,,,,,,,,<
###^....^^^^#....*#.##****,,,,***
.###......^##*...#...## *,,,**
.####..[..## *#.#.....## *****
.###.##.#### #.#ooo...#*
..#.####.>.# #o@.......**
##..######## #.#.......,*
#...######## #.####...#**
.#.######### #.# **###
#..###.##### #.# #........# #.#
.........# #)# .........# ##.#
.........# ##..#####


You could see 4 orcs.

Vanquished Creatures
  An orc (D:5)
  2 jackals (D:5)
3 creatures vanquished.

Notes
Turn   | Place    | Note
-------+----------+-------------------------------------------
     0 | D:5      | GordonOverkill the Deep Elf Delver began the quest for the
                  | Orb.
     0 | D:5      | Reached XP level 1. HP: 13/13 MP: 3/3
     9 | D:6      | Got a curling book
    14 | D:6      | Found a broken altar of Ashenzari.
    15 | D:6      | Noticed a hound
    28 | D:5      | Noticed an ogre
    43 | D:6      | Noticed a steam dragon
   466 | D:4      | Noticed a hound
   502 | D:5      | Reached skill level 1 in Spellcasting
   515 | D:5      | Noticed an orc wizard
   545 | D:5      | Slain by an orc

Illustrated notes

Levels and vault maps discovered:
D:4:      nicolae_cairo_tiling, layout_cave_pools, minitemple,
          mainiacjoe_overflow_brackets, serial_shops, kennysheep_little_box,
          chequers_jeans
D:5:      layout_cave_pods, nicolae_kikubaaqudgha_miasma_corner,
          nicolae_wormholes
D:6:      minmay_flawed_box, layout_cave_pools, ashenzari_altar_1,
          serial_rivers, chequers_serial_rivers_large_b,
          chequers_serial_rivers_marsh, chequers_serial_rivers_large_a,
          chequers_serial_rivers_room_a, minivault_22, nicolae_custom_books,
          serial_bayou_pond_d

Skill      XL: |  1 |
---------------+----+-----
Spellcasting   | 1 |  1.1
Fighting       | |  2.4
Short Blades   | |  2.0
Dodging        | |  2.4
Stealth        | |  6.0
Earth Magic    | |  0.8

Action                     || total
---------------------------++-------
  Melee: Short sword       ||    13
  Throw: Dart              ||     4
  Evoke: Wand              ||     1
    Use: Scroll            ||     2
 Armour: Leather armour    ||    12
  Dodge: Dodged            ||     8

Table legend: (Time is in decaauts)
 A = Elapsed time spent in this place.
 B = Non-inter-level travel time spent in this place.
 C = Inter-level travel time spent in this place.
 D = Time resting spent in this place.
 E = Time spent auto-exploring this place.
 F = Levels seen in this place.
 G = Mean time per level.
                   A        B        C        D        E       F      G
               +--------+--------+--------+--------+--------+-----+--------+
         Total |    544 |    522 |     22 |    314 |      0 |   3 |  181.3 |
       Dungeon |    544 |    522 |     22 |    314 |      0 |   3 |  181.3 |
               +--------+--------+--------+--------+--------+-----+--------+

Top non-repeatable levels by time:
     D:5: 524 daAuts
     D:6: 18 daAuts
     D:4: 1 daAuts
